Map: Year Zero LE

Players

Trizztein

  • Race: Terran Terran
  • League: Master
  • Spawn Location: 11:00

Hiro - Winner!

  • Race: Terran Terran
  • League: Master
  • Spawn Location: 1:00

VOD

Have the link to the VOD?

Description

To work on (reflexes wise)
- Double quick gas. This is pretty new to us.
- Supply timings: 3 in a row from the 2d, skip one cycle, then two more cycles from 3:00 (4th supply BEFORE 2d CC) then restart 2x2 from 4:50 (same time as we take natural gases and make those two vikings).
- Starport tech lab and factories are right after first hit squad is finished. Before 2d CC is started.
- SCV transfer to natural: correct timing a bit
- 3rd CC as we fill those natural gases
- When to send that SCV for 2d CC: rally the SCV that made the starport (very logical memory trick for a 1-1-1 starport expand)

1-1-1 starport expand, 3 reaper + 2 hellion opener, going into mid-game push with 3 vikings + 1 raven and two tanks. Transitionning into BCs.

Starport makes 1 viking + 1 raven, then takes reactor from rax, makes 2 vikings (for initial push), then goes back to tech lab for first BC.

Factory makes 2 hellions then makes tech lab and a couple of tanks for the push then defense.

Barracks makes 3 reapers, then reactor for the starport

What I would propose to make even better the demonstrated build by Hiro:
- Get faster 3rd CC with the floating money as move out
- Get ebay for turrets which can serve against drops/banshees etc.
- Delay the fusion core a bit and use available gas to put down at least a second factory to pump out a few hellions and spend the extra minerals, along with turrets for anti-drop/anti-bcs. Can use for multi-prong harrass and are decent vs marines (which opponent might want vs BCs).
- Gas goes into double armory, upgrades, fusion core and yamato, starports 2 and 3.
- Add 4th CC as soon as resources available.
- Minerals go into expansions, hellions, turrets, and any sim city building we want to make the chokes more clunky against bio or such in front of our tanks.
- Add ravens and vikings into the air mix to disable opponent s big units (thors or his own bcs and ravens).
- Target 4 base convergent point for our build: (4th base only uses gas)
2 factories for 3 hellions/cycle
5 starports, 4 with tech lab pumping 3 BCs + 1 viking, and 1 with reactor pumping 2 vikings. Add in a few ravens. Total of 3 BCs + viking.

During push, infrastructure added ...

factory beside starport that will lift to go back to tech lab (could delay FC and first BC -- needs to be worked out)
3rd CC + ebay
Fusion core (5:30)
First BC + yamato (6:30)
Add starports 2+3 with armory.
4th CC
Starports 4+5

The viking count during the push is a delicate part. We can keep making them to sustain our push but we're sacrificing on gas for factory + fusion core. To be explored.

Don't forget air upgrades + blue flame that should start sometime after double armory and starports 2+3

BCs win vs thors in a straight-up fight with equal army value. So might as well go for them if we re going into mech. They're also much less clunky since air, can teleport for harrass, won't be damaged by tanks/hellions/marauders. Definitly the better choice in the current meta.

Time

  • Played on: Feb. 2, 2019, 3:43 p.m.
  • Length: 12:54
Show
View Real Time Build Order
Export as new Build Order

Trizztein Terran 

Build Orders: Mech 

Get SALT Encoding   

  12  0:01  SCV  
  13  0:13  SCV  
  14  0:18  Supply Depot  
  14  0:25  SCV  
  15  0:30  Refinery  
  15  0:40  SCV  
  16  0:47  Barracks  
  16  0:52  SCV  
  17  0:57  Refinery  
  17  1:04  SCV  
  18  1:16  SCV  
  19  1:34  Reaper, Orbital Command  
  19  1:38  Factory  
  20  1:57  Supply Depot  
  20  2:00  SCV  
  21  2:08  Reaper  
  22  2:12  SCV  
  23  2:22  Hellion  
  25  2:24  SCV  
  26  2:36  SCV  
  27  2:37  Command Center  
  27  2:42  Reaper  
  28  2:48  Supply Depot  
  28  2:50  Hellion  
  30  2:53  SCV  
  31  3:10  SCV, Supply Depot  
  32  3:13  Starport  
  32  3:19  Factory Tech Lab  
  32  3:22  SCV  
  33  3:34  SCV  
  34  3:40  Engineering Bay  
  34  3:41  Siege Tank  
  34  3:46  Barracks Reactor, SCV  
  38  3:50  Starport Tech Lab  
  38  3:53  Orbital Command  
  38  3:58  SCV  
  39  4:10  SCV  
  39  4:16  Missile Turret  
  40  4:21  Raven  
  40  4:22  SCV x2  
  44  4:24  Marine x2  
  46  4:33  Supply Depot  
  46  4:34  SCV  
  46  4:35  SCV  
  48  4:42  Refinery  
  48  4:43  Refinery  
  48  4:44  Siege Tank  
  51  4:46  SCV  
  51  4:47  SCV  
  53  4:54  Liberator  
  53  4:55  Barracks Tech Lab, Supply Depot  
  53  4:58  SCV  
  53  4:59  SCV  
  55  5:10  SCV  
  55  5:11  SCV  
  60  5:23  SCV x2  
  62  5:30  Supply Depot  
  62  5:31  Supply Depot  
  62  5:35  SCV  
  63  5:39  SCV  
  64  5:46  Siege Tank  
  64  5:47  SCV  
  68  5:51  SCV  
  68  5:53  Command Center  
  68  5:56  Factory  
  69  5:57  Barracks Tech Lab  
  69  5:58  Factory, Armory  
  69  5:59  SCV  
  69  6:03  SCV  
  67  6:11  SCV  
  67  6:15  SCV  
  62  6:21  Siege Tank  
  62  6:23  SCV  
  66  6:28  SCV  
  66  6:31  Starport Reactor, Missile Turret  
  67  6:33  Bunker, Missile Turret  
  67  6:35  SCV  
  68  6:40  SCV  
  68  6:45  Thor  
  75  6:47  SCV  
  75  6:52  SCV  
  75  6:53  Siege Tank  
  79  7:01  SCV  
  79  7:07  Viking x2  
  84  7:10  SCV  
  84  7:14  SCV  
  83  7:16  Orbital Command  
  83  7:21  Missile Turret  
  85  7:22  Hellion  
  85  7:25  Hellion  
  85  7:28  Hellion  
  85  7:37  Viking  
  89  7:44  Hellion  
  89  7:45  SCV  
  89  7:47  SCV, Hellion  
  89  7:50  Hellion  
  95  7:54  Factory  
  95  7:56  Factory, Terran Vehicle Weapons Level 1  
  95  8:02  Viking  
  95  8:04  SCV  
  98  8:05  Hellion  
  98  8:08  Hellion  
  98  8:11  Hellion  
  98  8:12  SCV  
  103  8:15  Supply Depot  
  103  8:16  SCV  
  103  8:17  Supply Depot  
  104  8:28  Missile Turret  
  104  8:30  Missile Turret  
  104  8:37  Thor  
  107  8:43  Viking x2  
  107  8:48  SCV  
  109  8:49  Hellion x4  
  114  9:01  SCV x2  
  116  9:11  Missile Turret  
  116  9:13  Viking, SCV  
  116  9:14  SCV  
  120  9:19  SCV  
  120  9:20  Hellion  
  123  9:24  Viking  
  123  9:28  Refinery  
  123  9:29  Refinery  
  125  9:37  Missile Turret  
  125  9:49  Supply Depot  
  125  9:52  Supply Depot  
  125  9:53  Supply Depot  
  125  9:59  Terran Vehicle Weapons Level 2  
  125  10:10  SCV x2  
  125  10:11  Hellion x3  
  125  10:13  Marine  
  125  10:14  Siege Tank, SCV, Hellion, Missile Turret  
  140  10:15  Hellion, Missile Turret  
  142  10:22  SCV x2  
  142  10:26  SCV  
  142  10:27  Supply Depot  
  145  10:29  Viking, Supply Depot  
  145  10:32  Hellion, Supply Depot  
  149  10:40  SCV  
  149  10:41  Hellion  
  149  10:45  Infernal Pre-Igniter  
  149  10:49  SCV x2, Hellion x2  
  155  10:51  Siege Tank  
  155  10:53  SCV  
  155  10:54  Viking, Command Center  
  161  10:59  Viking  
  161  11:01  SCV  
  160  11:15  Barracks Reactor  
  160  11:17  Supply Depot  
  160  11:18  Starport  
  160  11:19  Supply Depot  
  160  11:21  Supply Depot  
  160  11:24  Viking  
  152  11:29  Viking  
  150  11:36  Hellion x2  
  148  11:40  Thor  
  148  11:42  SCV x2  
  148  11:44  Hellion x2  
  148  11:45  Hellion  
  162  11:54  Viking  
  162  11:57  Hellion x2  
  162  11:59  Viking  
  170  12:05  Thor  
  166  12:16  Hellion x2  
  166  12:19  Hellion x2  
  182  12:38  Missile Turret  
  182  12:39  Missile Turret  
Show
View Real Time Build Order
Export as new Build Order

Hiro Terran - Winner!

Build Orders: 1/1/1 

Get SALT Encoding   

  12  0:00  SCV  
  13  0:12  SCV  
  14  0:19  Supply Depot  
  14  0:24  SCV  
  15  0:31  Refinery  
  15  0:41  SCV  
  16  0:47  Barracks  
  16  0:53  SCV  
  17  0:57  Refinery  
  17  1:05  SCV  
  18  1:17  SCV  
  19  1:34  Orbital Command, Reaper  
  19  1:37  Factory  
  20  1:47  Supply Depot  
  20  2:00  SCV  
  21  2:06  Reaper  
  22  2:17  SCV  
  22  2:21  Hellion, Starport  
  26  2:30  SCV  
  26  2:31  Supply Depot  
  26  2:38  Reaper  
  26  2:42  SCV  
  26  2:44  Hellion  
  30  2:57  Starport Tech Lab  
  30  3:10  Command Center  
  30  3:12  Factory Tech Lab  
  30  3:14  SCV  
  31  3:23  Raven  
  31  3:26  SCV  
  34  3:30  Supply Depot  
  34  3:41  SCV, Fusion Core  
  34  3:45  Siege Tank  
  34  3:48  Barracks Reactor  
  38  3:53  SCV  
  39  4:06  Viking, SCV  
  42  4:18  SCV  
  42  4:24  Siege Tank, Orbital Command  
  46  4:30  SCV  
  47  4:41  Refinery  
  47  4:42  SCV  
  48  4:48  Viking x2  
  48  4:50  SCV  
  53  4:53  Refinery  
  53  4:54  SCV  
  54  5:02  SCV  
  54  5:06  Siege Tank  
  58  5:08  SCV  
  58  5:09  Supply Depot  
  59  5:16  SCV  
  60  5:21  Viking  
  62  5:30  SCV  
  62  5:35  SCV  
  64  5:38  Supply Depot  
  64  5:41  Fusion Core  
  64  5:50  SCV  
  65  5:58  Siege Tank  
  65  6:00  SCV  
  64  6:24  SCV x2  
  66  6:33  Battlecruiser  
  66  6:37  Weapon Refit, Supply Depot  
  66  6:38  Siege Tank, Command Center  
  70  7:10  SCV x2  
  70  7:13  Siege Tank  
  75  7:18  Starport  
  75  7:26  SCV x2  
  77  7:38  SCV x2  
  73  7:48  Battlecruiser  
  73  7:50  SCV  
  80  7:53  SCV, Command Center  
  80  7:56  Orbital Command  
  81  8:07  Refinery  
  81  8:08  Refinery  
  81  8:10  SCV x2  
  81  8:11  Starport Tech Lab  
  83  8:13  Starport  
  83  8:18  Armory  
  83  8:20  Armory  
  83  8:22  SCV x2  
  86  8:27  SCV  
  86  8:34  SCV x2  
  86  8:39  SCV  
  89  8:46  SCV x2  
  91  8:52  SCV  
  91  8:53  Battlecruiser  
  91  8:54  Battlecruiser  
  90  8:57  Starport Tech Lab  
  90  8:58  SCV x2  
  92  9:04  SCV  
  93  9:10  SCV x2  
  93  9:15  Terran Ship Weapons Level 1, Terran Vehicle And Ship Armor Level 1  
  93  9:16  SCV  
  96  9:20  Viking, Supply Depot  
  96  9:21  Supply Depot  
  96  9:22  SCV  
  96  9:23  SCV  
  100  9:28  SCV  
  100  9:29  Engineering Bay  
  101  9:35  SCV x2  
  101  9:37  Starport  
  103  9:39  SCV, Starport  
  103  9:40  SCV  
  105  9:48  SCV x2  
  105  9:50  Viking  
  109  9:54  Refinery  
  109  9:57  Refinery, SCV x2  
  109  9:58  Battlecruiser  
  117  10:03  SCV x2  
  119  10:13  SCV  
  120  10:18  SCV  
  120  10:20  Starport Reactor  
  120  10:21  Starport Reactor  
  121  10:23  SCV  
  121  10:31  SCV  
  121  10:32  SCV x2  
  123  10:37  SCV  
  123  10:41  Battlecruiser  
  130  10:43  SCV  
  130  10:45  Supply Depot x2  
  130  10:47  Battlecruiser, SCV  
  138  10:50  SCV  
  138  10:52  Command Center  
  138  10:54  Planetary Fortress  
  139  10:57  SCV  
  139  10:58  Missile Turret  
  139  10:59  Missile Turret  
  140  11:07  Battlecruiser, SCV x2  
  140  11:09  SCV  
  149  11:12  Viking x2  
  153  11:19  SCV  
  154  11:29  SCV x2  
  156  11:43  Supply Depot  
  156  11:44  Supply Depot  
  156  11:47  Supply Depot  
  156  11:48  Viking x3, SCV x2  
  156  11:50  Supply Depot  
  164  12:04  SCV x2  
  178  12:15  SCV x2  
  180  12:30  SCV  
Tags
 
Composition
Mech
Matchup
TvT
Opening
1/1/1
Race
Terran
Spawn Locations
Close Positions
Add a new tag
Caveats
  • Supply blocks, unpowered buildings, or Contaminate may cause inaccurate times.
  • Supply counts are checked every 10 seconds.